 Dungeon Crawl Stone Soup version 0.29-a0-1043-g569b05d6ff (webtiles) character file.

Game seed: 167568625092713437

26 Zeldest the Sneak (level 3, 0/31 HPs)
             Began as a Meteoran Delver on Aug 16, 2022.
             Slain by a kobold brigand
             ... wielding a +0 dagger
              (5 damage)
             ... in a sewer.
             The game lasted 00:02:07 (219 turns).

Zeldest the Sneak (Meteoran Delver)                  Turns: 219, Time: 00:02:07

Health: 0/31       AC:  3    Str: 14    XL:     3   Next: 41%
Magic:  5/5        EV: 12    Int: 11    God:
Gold:   19         SH:  0    Dex: 17    Spells: 2/2 levels left

rFire   . . .      SeeInvis .   a - +0 hand axe
rCold   . . .      Faith    .   (no shield)
rNeg    . . .      Spirit   .   b - +0 leather armour
rPois   .          Reflect  .   (no helmet)
rElec   .          Harm     .   (no cloak)
rCorr   .          Rampage  .   (no gloves)
Will    .....                   (no boots)
Stlth   +.........              (no amulet)
HPRegen 0.10/turn               (no ring)
MPRegen 0.09/turn               (no ring)

@: glowing
A: sense surroundings 1, otherworldly, glowing, explore regen
a: no special abilities


You were in a sewer.
You visited 1 branch of the dungeon, and saw 2 of its levels.
You also visited: Sewer.

You collected 19 gold pieces.

Inventory:

Hand Weapons
 a - a +0 hand axe (weapon)
Armour
 b - a +0 leather armour (worn)
Magical Staves
 h - a staff of cold
Wands
 g - a wand of digging (3)
Scrolls
 c - a scroll of fog
 d - a scroll of magic mapping


   Skills:
 + Level 3.6 Fighting
 + Level 2.9 Axes
 - Level 2.4 Dodging
 + Level 3.9 Stealth
 + Level 1.6 Invocations


You had 2 spell levels left.
You didn't know any spells.
Your spell library contained the following spells:

 Spells                   Type           Power      Damage    Failure   Level
 Sting                    Tmut/Pois      0%         1d3       41%         1
 Poisonous Vapours        Pois/Air       0%         N/A       56%         2
 Olgreb's Toxic Radiance  Pois           0%         N/A       99%         4


Dungeon Overview and Level Annotations

Branches:
Dungeon (5/15) Zot: 1094    Sewer (1/1) Zot: 477
 Temple: D:4-7

Altars:


Innate Abilities, Weirdness & Mutations

You passively map a small area around you.
You are easily found by Zot.
You glow in the dark.
You regain HP and MP as you explore.


Message History

The kobold brigand is moderately wounded.
The kobold brigand hits you with a +0 dagger.
The kobold brigand splashes around in the water.
You hit the kobold brigand.
The kobold brigand is heavily wounded.
The kobold brigand misses you.
You hit the kobold brigand.
The kobold brigand is severely wounded.
The kobold brigand hits you with a +0 dagger.
You hit the kobold brigand but do no damage.
The kobold brigand is severely wounded.
The kobold brigand splashes around in the water.
You closely miss the kobold brigand.
The kobold brigand is severely wounded.
The kobold brigand hits you with a +0 dagger.
You closely miss the kobold brigand.
The kobold brigand is severely wounded.
The kobold brigand barely misses you.
You hit the kobold brigand but do no damage.
The kobold brigand is severely wounded.
The kobold brigand splashes around in the water.
The kobold brigand hits you with a +0 dagger!
* * * LOW HITPOINT WARNING * * *
You hit the kobold brigand but do no damage.
The kobold brigand is severely wounded.
The kobold brigand splashes around in the water.
You hit the kobold brigand but do no damage.
The kobold brigand is severely wounded.
The kobold brigand splashes around in the water.
You hit the kobold brigand.
The kobold brigand is almost dead.
The kobold brigand splashes around in the water.
You hit the kobold brigand.
The kobold brigand is almost dead.
The kobold brigand hits you with a +0 dagger.
* * * LOW HITPOINT WARNING * * *
You hit the kobold brigand but do no damage.
The kobold brigand is almost dead.
The kobold brigand hits you with a +0 dagger.
You die...

#### ** ...# , ?∩.#
*, * ..!#####
...#~≈~# ,,,
###)'##~~~##++##
#.@K~~~~≈~#~~..###
#..~~~#~≈~#~~~...#
#P..~~#~≈~#~.~...##
#..~~~#~≈~#.......#
#.....#~≈~#P......#
#.....#~~~#~......#
##....#~≈~#P~P....#
#.P~~#~≈~#~~~.....
* ~#~≈~~~~~.....


You could see a kobold brigand.

Vanquished Creatures
  An adder (D:5)
  An orc (D:4)
  2 ball pythons
  An endoplasm (Sewer)
  A goblin (D:4)
  2 hobgoblins (D:4)
  2 kobolds (Sewer)
  A quokka (D:5)
  A bat (Sewer)
  A frilled lizard (Sewer)
  3 rats
16 creatures vanquished.

Vanquished Creatures (others)
  A fungus (Sewer)
  3 plants (Sewer)
4 creatures vanquished.

Grand Total: 20 creatures vanquished

Notes
Turn   | Place    | Note
-------+----------+-------------------------------------------
     0 | D:5      | Zeldest the Meteoran Delver began the quest for the Orb.
     0 | D:5      | Reached XP level 1. HP: 19/19 MP: 2/2
    41 | D:5      | Reached skill level 1 in Invocations
    41 | D:5      | Reached XP level 2. HP: 25/26 MP: 3/3
    91 | D:4      | Reached XP level 3. HP: 27/31 MP: 4/4
    98 | D:4      | Found a glowing drain.
   107 | Sewer    | Entered a sewer
   189 | Sewer    | Noticed a kobold brigand
   219 | Sewer    | Slain by a kobold brigand

Illustrated notes

Levels and vault maps discovered:
D:4:      black_bear_nest_1, layout_basic, cheibrodos_sewer_entry_drain,
          nicolae_inconvenience_store
D:5:      layout_cave_pods, chequers_serial_rivers_large_a, nicolae_titane
Sewer:    kennysheep_pipe_town

Skill      XL: |  1 |
---------------+----+-----
Invocations    | 1 |  1.6
Fighting       | |  3.6
Axes           | |  2.9
Dodging        | |  2.4
Stealth        | |  3.9

Action                   || total
-------------------------++-------
Melee: Hand axe          ||    64
       Punch             ||     2
  Use: Potion            ||     4
       Scroll            ||     1
Armor: Leather armour    ||    10
Dodge: Dodged            ||    30

Table legend: (Time is in decaauts)
 A = Elapsed time spent in this place.
 B = Non-inter-level travel time spent in this place.
 C = Inter-level travel time spent in this place.
 D = Time resting spent in this place.
 E = Time spent auto-exploring this place.
 F = Levels seen in this place.
 G = Mean time per level.
                   A        B        C        D        E       F      G
               +--------+--------+--------+--------+--------+-----+--------+
         Total |    226 |    226 |      0 |      0 |      0 |   3 |   75.3 |
       Dungeon |    105 |    105 |      0 |      0 |      0 |   2 |   52.5 |
         Sewer |    121 |    121 |      0 |      0 |      0 |   1 |  121.0 |
               +--------+--------+--------+--------+--------+-----+--------+

Top non-repeatable levels by time:
   Sewer: 121 daAuts
     D:5: 66 daAuts
     D:4: 39 daAuts
